 Dungeon Crawl Stone Soup version 0.31-a0-743-g45f7035092 (webtiles) character file.

Game seed: 4444002770262460739

14632 Shayle the Fighter (level 12, -8/133 HPs)
             Began as an Ogre Shapeshifter on Sept 12, 2023.
             Was an Elder of Kikubaaqudgha.
             Mangled by a death yak (18 damage)
             ... on level 11 of the Dungeon on Sept 13, 2023.
             The game lasted 01:02:42 (11965 turns).

Shayle the Fighter (Ogre Shapeshifter)             Turns: 11965, Time: 01:02:43

Health: -8/133     AC: 11    Str: 20    XL:     12   Next: 18%
Magic:  31/31      EV:  8    Int: 14    God:    Kikubaaqudgha [****..]
Gold:   732        SH: 10    Dex: 12    Spells: 8/25 levels left

rFire   . .          .
                       - Unarmed
rCold   . . .        y - +0 kite shield
rNeg    . . .        b - +3 troll leather armour {Pargi}
rPois   .            (helmet currently unavailable)
rElec   .            (cloak currently unavailable)
rCorr   .            (gloves unavailable)
SInv    .            (boots unavailable)
Will    +....        (no amulet)
Stlth   +            o - ring of magical power
HPRegen 1.22/turn    k - +4 ring of protection
MPRegen 0.22/turn

%: no passive effects
@: beast-form
A: beast (slay +4), large, unfitting armour, tough skin 1, agile 1, no potion
heal 1, MP-powered wands
a: Begin Untransformation, Renounce Religion, Unearth Wretches


You were on level 11 of the Dungeon.
You worshipped Kikubaaqudgha.
Kikubaaqudgha was greatly pleased with you.
You were a hulking beast.
You visited 3 branches of the dungeon, and saw 14 of its levels.
You also visited: Sewer and Bailey.

You collected 1004 gold pieces.
You spent 272 gold pieces at shops.

Inventory:

Hand Weapons
 e - a +0 short sword of flaming
 q - a +5 battleaxe
 t - a +4 battleaxe of freezing
 v - the +3 short sword of Context {spect, +Blink rF+ Dex-5}
   (You took it off an orc on level 4 of the Dungeon)

   Dex-5:     It affects your dexterity (-5).
   rF+:       It protects you from fire.
   +Blink:    It lets you blink.
 E - a +2 short sword of draining
Missiles
 r - 3 large rocks (quivered)
 O - 15 boomerangs
Armour
 b - a +3 troll leather armour (worn) {Pargi}
 y - a +0 kite shield (worn)
 D - a +2 robe of fire resistance
 K - +0 steam dragon scales
Jewellery
 k - a +4 ring of protection (right hand)
 o - a ring of magical power (left hand)
 u - a ring of see invisible
 F - a ring of protection from fire
 J - an amulet of faith
 N - a ring of flight
 P - a ring of positive energy
Talismans
 c - a beast talisman (active)
 d - a flux talisman
 l - a blade talisman
Wands
 j - a wand of flame (19)
 p - a wand of digging (10)
Scrolls
 a - 2 scrolls of butterflies
 g - 5 scrolls of teleportation
 i - a scroll of immolation
 s - a scroll of silence
 x - a scroll of brand weapon {unknown}
 z - a scroll of vulnerability
 G - a scroll of noise {unknown}
 H - 3 scrolls of revelation
 L - a scroll of torment {unknown}
 M - 3 scrolls of enchant armour
Potions
 f - 6 potions of brilliance
 h - a potion of cancellation
 m - a potion of experience {unknown}
 n - a potion of magic
 w - 5 potions of might {unknown}
 A - a potion of lignification
 B - 2 potions of resistance
 I - 2 potions of curing


   Skills:
 - Level 12.8 Fighting
 - Level 1.7 Dodging
 + Level 8.1 Shields
 - Level 5.8 Unarmed Combat
 - Level 7.3 Spellcasting
 + Level 3.3 Hexes
 + Level 8.2 Necromancy
 - Level 7.0 Shapeshifting


You had 8 spell levels left.
You knew the following spells:

 Your Spells              Type           Power      Damage    Failure   Level
a - Vampiric Draining     Necr           28%        2d8       3%          3
b - Animate Dead          Necr           28%        N/A       12%         4
c - Anguish               Hex/Necr       10%        N/A       30%         4
d - Death Channel         Necr           14%        N/A       87%         6

Your spell library contained the following spells:

 Spells                   Type           Power      Damage    Failure   Level
 Necrotise                Necr           100%       1d9       1%          1
 Sublimation of Blood     Necr           28%        N/A       1%          2
 Kiss of Death            Conj/Necr      64%        2d10      6%          1
 Dispel Undead            Necr           28%        3d13      12%         4
 Confusing Touch          Hex            14%        N/A       26%         3
 Agony                    Necr           28%        N/A       32%         5
 Blink                    Tloc           10%        N/A       45%         2
 Lesser Beckoning         Tloc           10%        N/A       45%         2
 Momentum Strike          Conj/Tloc      10%        3d8       45%         2
 Scorch                   Fire           10%        2d5       45%         2
 Flame Wave               Conj/Fire      5%         2d5       98%         4
 Simulacrum               Ice/Necr       8%         N/A       100%        6
 Summon Cactus Giant      Summ           2%         N/A       100%        6
 Haunt                    Necr/Summ      8%         N/A       100%        7
 Infestation              Necr           14%        N/A       100%        8


Dungeon Overview and Level Annotations

Branches:
Dungeon (12/15)            Temple (1/1) D:5            Lair (1/5) D:11
  Sewer (visited)          Bailey (visited)
    Orc: D:9-12

Altars:
Ashenzari
Cheibriados
Dithmenos
Elyvilon
Fedhas
Gozag
Hepliaklqana
Kikubaaqudgha
Makhleb
Nemelex Xobeh
Okawaru
Qazlal
Ru
Sif Muna
Trog
Uskayaw
Vehumet
Wu Jian
Xom
Yredelemnul
Zin
The Shining One

Shops:
D:6 ?   D:7 :   D:9 (

Annotations:
D:4 1 runed translucent door, Crazy Yiuf
D:9 1 runed translucent door
D:10 Lodul, Snorg, Sonja


Innate Abilities, Weirdness & Mutations

You are a hulking beast.
Your limbs bulge with bestial killing power. (Slay +4)
You are too large for most types of armour.
You have tough skin. (AC +1)
You are agile. (Dex +4, Str/Int -1)
Potions are less effective at restoring your health.
You expend magic power (3 MP) to strengthen your wands.


Message History

The death yak is heavily wounded.
The death yak gores you!
You hit the death yak.
The death yak is heavily wounded.
The death yak gores you!
You hit the death yak but do no damage.
The death yak is heavily wounded.
The death yak gores you!
You hit the death yak.
The death yak is heavily wounded.
The death yak gores you.
You hit the death yak.
The death yak is heavily wounded.
The death yak gores you!
* * * LOW HITPOINT WARNING * * *
You hit the death yak.
The death yak is severely wounded.
The death yak gores you!
* * * LOW HITPOINT WARNING * * *
You punch the death yak!
The death yak is severely wounded.
The death yak gores you!
* * * LOW HITPOINT WARNING * * *
You hit the death yak.
The death yak is severely wounded.
The death yak gores you!
* * * LOW HITPOINT WARNING * * *
Your system partially rejects the healing.
You feel better. You block the death yak's attack.
You punch the death yak!
The death yak is almost dead.
The death yak gores you!!
* * * LOW HITPOINT WARNING * * *
Your system partially rejects the healing.
You feel better. The death yak misses you.
You hit the death yak but do no damage.
The death yak is almost dead.
The death yak gores you!!
You die...
Kikubaaqudgha rasps: "You have failed me!
Welcome... death!"

#......#....#...........#####....
#..<...#....#...............#####
.......#.........................
.......#...........♣♣............
.......###.P...........))........
.....................P.....).....
.........................###.....
+######..P.......÷..P......#.....
#.........h[.........#.....
#.........Y..........#....#
#.....P.P............######
####......PP.........# #8
.....♣..P..P..P....# '.
...PP.P....♣.......# #8
....P.....♣........### ##
.....P............#.# #
.................'.#


You could see a death yak.

Vanquished Creatures
  An orc warlord (Bailey)
  2 two-headed ogres
  A death yak (D:11)
  Pikel (D:8)
  A cyclops (D:11)
  A cane toad (D:11)
  An unseen horror (D:9)
  3 komodo dragons (Lair:1)
  Grinder (D:3)
  Sigmund (D:2)
  2 wyverns
  13 yaks
  A shadow (D:9)
  A basilisk (D:11)
  2 steam dragons
  Duvessa (D:4)
  2 water moccasins
  13 orc warriors
  Pargi (D:3)
  A sky beast (D:8)
  2 ogres (D:9)
  A phantom (D:6)
  3 centaurs
  2 lemures (D:8)
  A kobold brigand (D:7)
  A bullfrog (D:9)
  2 necrophages (D:5)
  Blork the orc (D:5)
  A gnoll sergeant (D:8)
  5 scorpions
  14 wights
  Dowan (D:4)
  11 killer bees
  2 bullfrog zombies (D:5)
  A centaur zombie (D:5)
  6 jellies
  A human zombie (D:5)
  3 hounds
  4 orc priests
  2 sleepcaps (D:8)
  A gnoll bouda (D:6)
  2 iguanas
  Natasha (thrice) (D:3)
  7 orc wizards
  A scorpion zombie (D:5)
  A hound zombie (D:5)
  3 mummies
  10 adders
  15 gnolls
  6 river rats
  4 white imps
  An ufetubus (D:5)
  7 worms (D:5)
  5 dart slugs
  43 orcs
  10 ball pythons
  11 endoplasms
  5 giant cockroaches
  22 goblins
  14 hobgoblins
  12 jackals
  A quokka (D:2)
  6 bats
  6 frilled lizards
  14 kobolds
  9 rats
333 creatures vanquished.

Vanquished Creatures (collateral kills)
  A death yak (Lair:1)
  A black mamba (Lair:1)
  A komodo dragon (Lair:1)
  2 yaks (Lair:1)
  4 wolves (Lair:1)
9 creatures vanquished.

Vanquished Creatures (others)
  A death yak zombie (Lair:1)
  A yak (Lair:1)
  2 komodo dragon zombies (Lair:1)
  3 bullfrogs (Lair:1)
  A wolf zombie (Lair:1)
  3 bullfrog zombies (Lair:1)
  10 spectral weapons
21 creatures vanquished.

Grand Total: 363 creatures vanquished

Notes
Turn   | Place    | Note
-------+----------+-------------------------------------------
     0 | D:1      | Shayle the Ogre Shapeshifter began the quest for the Orb.
     0 | D:1      | Reached XP level 1. HP: 19/19 MP: 1/1
    76 | D:1      | Reached XP level 2. HP: 26/28 MP: 2/2
   161 | D:1      | Reached skill level 2 in Fighting
   190 | D:1      | Reached skill level 1 in Spellcasting
   256 | D:1      | Reached XP level 3. HP: 32/35 MP: 4/4
   714 | D:1      | Found a faded altar of an unknown god.
  1147 | D:2      | Reached XP level 4. HP: 44/44 MP: 6/6
  1324 | D:2      | Noticed Sigmund
  1367 | D:2      | Killed Sigmund
  1368 | D:2      | Reached skill level 3 in Fighting
  1368 | D:2      | Reached XP level 5. HP: 34/54 MP: 6/9
  1368 | D:2      | Reached XP level 6. HP: 39/62 MP: 6/10
  1716 | D:3      | Noticed Natasha
  1721 | D:3      | Killed Natasha
  1722 | D:3      | Reached skill level 4 in Fighting
  2014 | D:3      | Found a glowing golden altar of the Shining One.
  2035 | D:3      | Noticed Grinder
  2052 | D:3      | Killed Grinder
  2053 | D:3      | Reached XP level 7. HP: 37/71 MP: 10/12
  2187 | D:3      | Noticed Pargi
  2513 | D:3      | Noticed Natasha
  2520 | D:3      | Killed Natasha
  2656 | D:3      | Gained mutation: You are agile. (Dex +4, Str/Int -1)
                  | [potion of mutation]
  2656 | D:3      | Gained mutation: Potions are less effective at restoring
                  | your health. [potion of mutation]
  2656 | D:3      | Gained mutation: You expend magic power (3 MP) to
                  | strengthen your wands. [potion of mutation]
  2676 | D:3      | Killed Pargi
  2677 | D:3      | Reached skill level 5 in Fighting
  3046 | D:3      | Noticed Natasha
  3053 | D:3      | Killed Natasha
  3360 | D:4      | Noticed Duvessa
  3367 | D:4      | Identified the +3 short sword of Context {spect, +Blink rF+
                  | Dex-5}
  3369 | D:4      | Noticed Dowan
  3378 | D:4      | Found a white marble altar of Elyvilon.
  3428 | D:4      | Killed Duvessa
  3429 | D:4      | Reached skill level 5 in Shapeshifting
  3429 | D:4      | Reached XP level 8. HP: 79/83 MP: 5/14
  3430 | D:4      | Killed Dowan
  3675 | D:4      | Found a runed translucent door.
  3676 | D:4      | Noticed Crazy Yiuf
  3980 | D:5      | Entered Level 5 of the Dungeon
  4020 | D:5      | Reached skill level 6 in Fighting
  4084 | D:5      | Found a basalt altar of Yredelemnul.
  4094 | D:5      | Noticed Blork the orc
  4114 | D:5      | Found a broken altar of Ashenzari.
  4190 | D:5      | Reached skill level 5 in Unarmed Combat
  4248 | D:5      | Reached skill level 5 in Spellcasting
  4284 | D:5      | Found a glowing drain.
  4299 | Sewer    | Entered a sewer
  4483 | Sewer    | Found a viscous altar of Jiyva.
  4642 | D:5      | Killed Blork the orc
  4715 | D:5      | Found a staircase to the Ecumenical Temple.
  4727 | Temple   | Entered the Ecumenical Temple
  4738 | Temple   | Became a worshipper of Kikubaaqudgha
  4823 | D:5      | Reached skill level 7 in Fighting
  4850 | D:5      | Reached XP level 9. HP: 80/93 MP: 17/17
  5090 | D:5      | Found a radiant altar of Vehumet.
  5160 | D:5      | Found a shadowy altar of Dithmenos.
  5161 | D:5      | Found a hazy altar of Hepliaklqana.
  5501 | D:6      | Reached * piety under Kikubaaqudgha
  5501 | D:6      | Received a gift from Kikubaaqudgha
  5502 | D:6      | Reached skill level 1 in Necromancy
  5509 | D:6      | Learned a level 3 spell: Vampiric Draining
  5798 | D:6      | Found Ifibed's Magic Scroll Shoppe.
  5806 | D:6      | Bought a scroll of enchant armour for 97 gold pieces
  5806 | D:6      | Bought a scroll of teleportation for 39 gold pieces
  5806 | D:6      | Bought a scroll of enchant armour for 97 gold pieces
  5806 | D:6      | Bought a scroll of teleportation for 39 gold pieces
  6113 | D:7      | Found Qunu Kerphi's Book Shoppe.
  6182 | D:7      | Reached skill level 8 in Fighting
  6563 | D:8      | Found an opulent altar of Gozag.
  6642 | D:7      | Found a stormy altar of Qazlal.
  6649 | D:7      | Found a bloodstained altar of Trog.
  6653 | D:7      | Found an iron altar of Okawaru.
  6741 | D:7      | Found a sparkling altar of Nemelex Xobeh.
  7035 | D:8      | Reached skill level 9 in Fighting
  7280 | D:8      | Noticed Pikel
  7424 | D:8      | Reached XP level 10. HP: 96/107 MP: 20/20
  7519 | D:8      | Reached skill level 1 in Shields
  7676 | D:8      | Killed Pikel
  7744 | D:8      | Reached ** piety under Kikubaaqudgha
  7780 | D:9      | Noticed a two-headed ogre
  7783 | D:9      | Found a flagged portal.
  7827 | Bailey   | Entered a bailey
  7989 | Bailey   | Reached skill level 10 in Fighting
  8049 | Bailey   | Noticed an orc warlord
  8257 | Bailey   | Killed an orc warlord
  8258 | Bailey   | Reached skill level 5 in Necromancy
  8264 | Bailey   | Reached *** piety under Kikubaaqudgha
  8264 | Bailey   | Received a gift from Kikubaaqudgha
  8451 | Bailey   | Reached skill level 11 in Fighting
  8533 | Bailey   | Learned a level 4 spell: Animate Dead
  8546 | Bailey   | Acquired a book of Scorching
  8701 | D:9      | Found Cuclasmi's Weapon Shoppe.
  8907 | D:8      | Reached skill level 5 in Shields
  8907 | D:8      | Reached XP level 11. HP: 116/120 MP: 21/21
  8969 | D:9      | Found a runed translucent door.
  8970 | D:9      | Found a burning altar of Makhleb.
  8970 | D:9      | Noticed a sixfirhy
  9049 | D:9      | Found a shimmering blue altar of Sif Muna.
  9137 | D:9      | Killed a two-headed ogre
  9553 | D:10     | Entered Level 10 of the Dungeon
  9650 | D:10     | Noticed Sonja
  9811 | D:10     | Found a snail-covered altar of Cheibriados.
  9826 | D:10     | Reached skill level 12 in Fighting
 10073 | D:10     | Noticed Lodul
 10200 | D:10     | Noticed Snorg
 10519 | D:11     | Reached **** piety under Kikubaaqudgha
 10665 | D:11     | Found a staircase to the Lair.
 10674 | Lair:1   | Entered Level 1 of the Lair of Beasts
 10763 | D:11     | Noticed a two-headed ogre
 10782 | D:11     | Killed a two-headed ogre
 10883 | D:11     | Learned a level 4 spell: Anguish
 10903 | D:11     | Noticed a cyclops
 10916 | D:11     | Killed a cyclops
 11047 | D:11     | Reached skill level 1 in Hexes
 11361 | Lair:1   | Learned a level 6 spell: Death Channel
 11414 | Lair:1   | Reached XP level 12. HP: 86/133 MP: 22/22
 11498 | Lair:1   | Noticed a death yak
 11509 | Lair:1   | Noticed a death yak
 11511 | Lair:1   | Noticed a death yak
 11511 | Lair:1   | Noticed a death yak
 11513 | Lair:1   | Noticed a death yak
 11514 | Lair:1   | Noticed a death yak
 11523 | Lair:1   | Killed a death yak
 11732 | D:11     | Killed a death yak
 11963 | D:11     | HP: 2/133 [death yak (18)]
 11965 | D:11     | Mangled by a death yak

Illustrated notes

Levels and vault maps discovered:
D:1:      amcnicky_arrival_flooded_fountain, layout_basic,
          ebering_ecumenical_altar_rust
D:2:      layout_rooms, uniq_sigmund
D:3:      layout_loops_ring, tso_metal_star, minmay_starry_boxes, uniq_natasha,
          uniq_pargi, uniq_grinder
D:4:      layout_cave_pools, nicolae_elyvilon_temple_path,
          minmay_misc_feat_doors, uniq_crazy_yiuf_cottage, uniq_duvessa
D:5:      layout_loops_ring, riverfiend_overflow_shadow_ancestor,
          cheibrodos_ashenzari_chains, mainiacjoe_overflow_alcove_1,
          lemuel_mausoleum_altar_yredelemnul, minmay_temple_entry_poolview,
          lightli_sewer_entry_pipes, uniq_blork_the_orc
D:6:      layout_loops_cross, serial_shops, nicolae_shop_hallway_stairs,
          roderic_serpentine_path
D:7:      layout_gridville, mainiacjoe_overflow_brackets,
          minmay_overflow_temple_star_quad, serial_shops, shop
D:8:      layout_loops_ring, nicolae_overflow_crystal_walls, uniq_pikel
D:9:      layout_cross, nzn_makhleb_speed_demon, lemuel_blue_sif_altar,
          serial_shops, nicolae_shop_stone, enter_bailey_5
D:10:     layout_rooms, slow_altar_2, uniq_snorg, uniq_sonja, uniq_lodul
D:11:     layout_irregular_city, minmay_lair_entry_grove, hiddenorc1_lemuel
D:12:     layout_long_grid, serial_shops, nicolae_shop_just_a_little_nook,
          kennysheep_windowed_goal, uniq_frances
Temple:   nicolae_temple_great_sept
Lair:1:   layout_regular_city, serial_bayou_pond_d,
          chequers_serial_rivers_marsh, grunt_megastairs_3

Skill      XL: |  1  2  3  4  5  6  7  8  9 10 11 12 |
---------------+-------------------------------------+-----
Fighting       | 2 3 4 5 7 9 11 12 | 12.8
Spellcasting   | 1 2 3 4 5 7 |  7.3
Unarmed Combat | 3 4 5 |  5.8
Shapeshifting  | 4 5 7 |  7.0
Necromancy     | 3 5 7 8 |  8.2
Shields        | 5 7 8 |  8.1
Hexes          | 2 3 |  3.3
Dodging        | |  1.7

Action                     |  1- 3 |  4- 6 |  7- 9 | 10-12 || total
---------------------------+-------+-------+-------+-------++-------
  Melee: Unarmed           |    23 |    56 |   281 |    29 ||   389
         Short sword       |   109 |    28 |   246 |   565 ||   948
         Punch             |       |       |    20 |       ||    20
  Throw: Throwing net      |       |       |       |     1 ||     1
   Cast: Vampiric Draining |       |       |       |     6 ||     6
         Animate Dead      |       |       |       |     2 ||     2
 Invoke: Unearth Wretches  |       |       |       |     2 ||     2
  Evoke: Wand              |       |       |    19 |    26 ||    45
    Use: Potion            |       |     4 |     6 |     6 ||    16
         Scroll            |       |     2 |    13 |    14 ||    29
   Stab: Sleeping          |     1 |       |     2 |       ||     3
         Distracted        |       |       |       |     2 ||     2
         Paralysed         |       |       |       |     2 ||     2
 Armour: Animal skin       |    95 |    54 |    55 |       ||   204
         Skin              |       |    14 |       |     8 ||    22
         Troll leather arm |       |       |   299 |   405 ||   704
  Dodge: Dodged            |    69 |    31 |   219 |   148 ||   467
  Block: Kite shield       |       |       |    17 |   232 ||   249

Table legend: (Time is in decaauts)
 A = Elapsed time spent in this place.
 B = Non-inter-level travel time spent in this place.
 C = Inter-level travel time spent in this place.
 D = Time resting spent in this place.
 E = Time spent auto-exploring this place.
 F = Levels seen in this place.
 G = Mean time per level.
                   A        B        C        D        E       F      G
               +--------+--------+--------+--------+--------+-----+--------+
         Total |  12037 |  11563 |    474 |   1875 |   5155 |  16 |  752.3 |
       Dungeon |  10429 |   9966 |    463 |   1504 |   4892 |  12 |  869.1 |
        Temple |     22 |     11 |     11 |      0 |      0 |   1 |   22.0 |
          Lair |    552 |    552 |      0 |     66 |    205 |   1 |  552.0 |
         Sewer |    263 |    263 |      0 |     17 |     42 |   1 |  263.0 |
        Bailey |    770 |    770 |      0 |    288 |     16 |   1 |  770.0 |
               +--------+--------+--------+--------+--------+-----+--------+

Top non-repeatable levels by time:
     D:3: 1315 daAuts
     D:8: 1208 daAuts
    D:11: 1137 daAuts
     D:5: 1057 daAuts
     D:9: 968 daAuts
     D:2: 900 daAuts
     D:4: 895 daAuts
     D:7: 853 daAuts
     D:1: 839 daAuts
  Bailey: 770 daAuts
     D:6: 759 daAuts
  Lair:1: 552 daAuts
    D:10: 425 daAuts
   Sewer: 263 daAuts
    D:12: 68 daAuts
